Map: Lightshade LE

Players

HellraiseR

  • Race: Protoss Protoss
  • League: Grandmaster
  • Spawn Location: 11:00

BlyOnFire (Bly) - Winner!

  • Race: Zerg Zerg
  • Spawn Location: 5:00

Event: DreamHack SC2 Masters 2020 Winter

VOD

Have the link to the VOD?

Description

Time

  • Played on: Nov. 1, 2020, 10:30 a.m.
  • Length: 10:09

All games in this series

Show
View Real Time Build Order
Export as new Build Order

HellraiseR Protoss 

Build Orders: Archon Immortal 

Get SALT Encoding   

  12  0:03  Probe  
  13  0:15  Probe  
  14  0:22  Pylon  
  14  0:27  Probe  
  15  0:41  Gateway, Probe (Chrono Boost)  
  16  0:49  Probe (Chrono Boost)  
  17  0:50  Assimilator  
  17  0:55  Probe  
  18  1:07  Probe  
  19  1:19  Probe  
  20  1:29  Cybernetics Core  
  20  1:32  Probe  
  21  2:04  Adept (Chrono Boost)  
  21  2:05  Nexus  
  23  2:12  Pylon  
  23  2:24  Warp Gate  
  23  2:28  Adept (Chrono Boost)  
  23  2:30  Probe  
  26  2:42  Probe  
  27  2:50  Stalker  
  29  2:54  Probe  
  30  3:07  Probe  
  31  3:19  Probe (Chrono Boost)  
  32  3:20  Probe (Chrono Boost)  
  33  3:28  Assimilator  
  33  3:29  Stargate, Probe (Chrono Boost)  
  33  3:30  Probe (Chrono Boost)  
  35  3:34  Probe x2 (Chrono Boost)  
  35  3:35  Gateway  
  37  3:45  Probe  
  37  3:46  Probe  
  39  3:50  Pylon  
  39  3:57  Probe  
  39  3:58  Probe  
  41  4:04  Pylon  
  41  4:09  Probe  
  42  4:10  Probe  
  42  4:13  Adept  
  42  4:14  Oracle (Chrono Boost)  
  48  4:21  Probe  
  48  4:23  Assimilator  
  49  4:25  Assimilator  
  48  4:32  Probe  
  48  4:35  Probe  
  50  4:39  Nexus  
  50  4:40  Pylon  
  50  4:41  Phoenix (Chrono Boost)  
  50  4:44  Probe  
  53  4:53  Robotics Facility  
  53  4:59  Probe  
  54  5:01  Probe  
  54  5:02  Oracle (Chrono Boost)  
  54  5:04  Zealot x2  
  55  5:11  Probe  
  55  5:13  Probe  
  53  5:21  Twilight Council  
  53  5:22  Forge  
  53  5:23  Probe  
  53  5:25  Probe  
  53  5:28  Adept  
  57  5:29  Adept  
  57  5:33  Oracle (Chrono Boost)  
  62  5:37  Probe  
  62  5:39  Probe  
  62  5:40  Observer  
  65  5:49  Adept x2  
  69  5:52  Pylon  
  69  5:53  Probe  
  69  5:55  Probe  
  67  6:01  Protoss Ground Weapons Level 1 (Chrono Boost)  
  60  6:05  Charge  
  60  6:06  Probe  
  60  6:08  Immortal (Chrono Boost)  
  66  6:16  Zealot, Adept  
  69  6:21  Probe  
  69  6:22  Probe  
  71  6:27  Pylon  
  71  6:28  Pylon  
  71  6:38  Shield Battery  
  70  6:41  Shield Battery  
  70  6:50  Nexus  
  70  6:51  Pylon  
  70  6:53  Immortal (Chrono Boost)  
  70  7:00  Shield Battery  
  70  7:01  Shield Battery, Sentry x2  
  78  7:06  Gateway  
  78  7:07  Gateway  
  78  7:19  Pylon  
  78  7:21  Pylon  
  77  7:23  Warp Prism (Chrono Boost)  
  77  7:24  Gateway, Templar Archives  
  78  7:33  Stalker  
  78  7:34  Stalker  
  82  7:39  Pylon  
  78  7:47  Pylon  
  78  7:49  Immortal (Chrono Boost)  
  78  7:50  Pylon  
  80  8:00  Stalker, Sentry  
  84  8:07  Shield Battery  
  84  8:21  Immortal  
  84  8:22  Zealot x3  
  92  8:27  Zealot x2  
  92  8:32  Gateway  
  96  8:34  Gateway  
  92  8:42  Zealot x2  
  92  8:43  Zealot  
  94  8:54  Zealot  
  82  9:00  Immortal  
  78  9:07  Zealot x3  
  82  9:13  Probe  
  67  9:31  High Templar  
  67  9:32  High Templar x3  
  67  9:35  Archon  
  67  9:36  Archon  
  67  9:38  Zealot  
  80  9:54  Nexus  
  74  10:01  Zealot  
Show
View Real Time Build Order
Export as new Build Order

BlyOnFire Zerg - Winner!

Build Orders: 3 Hatch before Pool 

Get SALT Encoding   

  12  0:00  Drone  
  13  0:12  Overlord  
  13  0:17  Drone  
  14  0:30  Drone x2  
  16  0:48  Hatchery  
  15  0:52  Drone  
  15  0:55  Drone  
  17  1:17  Hatchery  
  16  1:19  Drone  
  16  1:23  Drone  
  18  1:36  Extractor  
  18  1:39  Spawning Pool  
  16  1:42  Drone  
  16  1:43  Evolution Chamber  
  16  1:46  Drone x2  
  20  2:04  Hatchery  
  19  2:09  Drone x2  
  19  2:13  Drone x2  
  23  2:18  Extractor  
  22  2:29  Queen, Zergling x6  
  25  2:36  Metabolic Boost  
  27  2:40  Extractor  
  27  2:50  Overlord  
  27  2:56  Zergling x2  
  28  3:07  Queen  
  28  3:08  Queen  
  28  3:09  Drone x3  
  28  3:10  Drone  
  36  3:20  Queen  
  36  3:24  Drone x2  
  40  3:29  Drone x2  
  42  3:43  Overlord x2  
  42  3:48  Overlord  
  42  4:00  Overlord  
  42  4:05  Drone x8  
  42  4:07  Queen  
  52  4:18  Zergling x4  
  52  4:19  Zergling x8  
  58  4:24  Overlord  
  58  4:28  Overlord  
  57  4:31  Overlord  
  57  4:35  Drone x5  
  62  4:39  Spore Crawler  
  62  4:45  Spore Crawler  
  60  4:46  Overlord  
  58  5:06  Zergling x18  
  65  5:14  Drone x8, Extractor  
  61  5:15  Extractor, Roach Warren  
  61  5:18  Spore Crawler  
  64  5:26  Overlord  
  64  5:27  Queen  
  66  5:29  Queen  
  68  5:39  Overlord  
  64  5:58  Roach x11  
  79  6:09  Drone x7  
  86  6:13  Lair  
  86  6:21  Overlord  
  86  6:22  Overlord  
  86  6:25  Overlord  
  84  6:26  Drone  
  85  6:34  Drone x2  
  85  6:35  Drone  
  88  6:42  Extractor  
  85  6:48  Drone, Zergling x20  
  85  6:50  Ravager x4  
  85  6:52  Ravager x2  
  85  6:53  Ravager  
  102  6:58  Drone  
  103  7:09  Drone x3  
  103  7:10  Drone x9  
  103  7:12  Glial Reconstitution  
  103  7:14  Overseer  
  115  7:21  Overlord  
  115  7:23  Overlord  
  115  7:35  Ravager x2  
  113  7:41  Zergling x28  
  122  7:52  Zergling x4  
  122  8:04  Ravager  
  122  8:05  Drone x3  
  123  8:07  Infestation Pit  
  123  8:08  Extractor x2  
  119  8:14  Zergling x16  
  126  8:21  Hatchery  
  121  8:28  Roach x3  
  127  8:36  Roach x5  
  131  8:49  Swarm Host  
  131  8:50  Roach x4  
  137  8:56  Roach  
  137  9:02  Roach x2  
  131  9:10  Roach x7  
  131  9:15  Roach  
  145  9:22  Roach x2  
  137  9:25  Roach  
  137  9:30  Hatchery  
  132  9:35  Roach x10  
  152  9:45  Overlord  
  152  9:46  Overlord x4  
Tags
 
Add a new tag
Caveats
  • Supply blocks, unpowered buildings, or Contaminate may cause inaccurate times.
  • Supply counts are checked every 10 seconds.